 Dungeon Crawl Stone Soup version 0.15.1-3-g1b33baa (webtiles) character file.

20342 CrazyArbalest the Slingshot (level 13, 0/83 HPs)
             Began as a Halfling Fighter on Oct 10, 2014.
             Was the Champion of Makhleb.
             Killed by vampiric draining
             ... invoked by Josephine
              (9 damage)
             ... on Level 12 of the Dungeon.
             The game lasted 03:26:05 (27884 turns).

CrazyArbalest the Slingshot (Halfling Fighter)     Turns: 27884, Time: 03:26:05

HP   0/83        AC 12     Str 16      XL: 13   Next: 11%
MP  15/15        EV 22     Int  7      God: Makhleb [******]
Gold 433         SH  8     Dex 19      Spells:  0 memorised, 12 levels left

rFire  + . .     SeeInvis .     a - +2 cutlass (elec)
rCold  . . .     Clarity  +     O - +0 steam dragon armour
rNeg   . . .     rCorr    .     I - +0 buckler
rPois  +         rRot     .     G - +1 hat
rElec  .         Spirit   .     Z - +0 cloak
SustAb .         Warding  .     (no gloves)
rMut   .         Stasis   .     F - +2 pair of boots {Stlth+}
Gourm  .                        K - amulet of Ximut {Clar rPois}
MR     +....                    p - ring of protection from magic
                                q - ring of protection from fire

@: somewhat resistant to hostile enchantments, fairly stealthy
A: mutation resistance 1
a: Minor Destruction, Lesser Servant of Makhleb, Major Destruction, Greater
Servant of Makhleb, Renounce Religion


You were on level 12 of the Dungeon.
You worshipped Makhleb.
Makhleb was exalted by your worship.
You were near starving.

You visited 3 branches of the dungeon, and saw 16 of its levels.
You also visited: Bailey.

You collected 976 gold pieces.
You spent 543 gold pieces at shops.

Inventory:

Hand weapons
 a - a +2 cutlass of electrocution (weapon)
 b - a +0 hunting sling
 c - a +1 cutlass of venom
Missiles
 g - 341 stones (quivered)
 i - 4 sling bullets of flame
 M - 13 sling bullets of frost
Armour
 t - a +0 fire dragon armour
 F - a +2 pair of boots of stealth (worn)
 G - a +1 hat (worn)
 I - a +0 buckler (worn)
 O - a +0 steam dragon armour (worn)
 Z - a +0 cloak (worn)
Magical devices
 f - a wand of slowing (0)
 l - a wand of disintegration (9)
 x - a wand of cold (1)
 C - a wand of lightning (4)
 P - a wand of digging (18)
Comestibles
 m - 18 fruits
Scrolls
 d - a scroll of enchant weapon
 j - 4 scrolls of blinking
 s - 8 scrolls of remove curse
 N - 2 scrolls of magic mapping
 S - 3 scrolls of fear
Jewellery
 o - an uncursed ring of fire
 p - a ring of protection from magic (right hand)
 q - a ring of protection from fire (left hand)
 v - an uncursed amulet of stasis
 K - the amulet of Ximut (around neck) {Clar rPois}
   (You found it on level 7 of the Dungeon)

   [amulet of clarity]

   It provides mental clarity.
   It protects you from poison.
 L - an uncursed ring of see invisible
Potions
 e - a potion of beneficial mutation {unknown}
 k - 6 potions of curing
 T - 2 potions of haste
Books
 h - a book of Geomancy

   Spells                             Type                      Level
   Sandblast                          Earth                        1
   Stoneskin                          Transmutation/Earth          2
   Passwall                           Transmutation/Earth          3
   Stone Arrow                        Conjuration/Earth            3
   Petrify                            Transmutation/Earth          4
   Lee's Rapid Deconstruction         Earth                        5


   Skills:
 + Level 5.8 Fighting
 + Level 9.4 Short Blades
 * Level 21.6 Slings
 + Level 7.8 Armour
 + Level 9.1 Dodging
 + Level 2.0 Stealth
 + Level 7.8 Shields
 - Level 0.2 Unarmed Combat
 + Level 1.2 Evocations


You had 12 spell levels left.
You didn't know any spells.

Dungeon Overview and Level Annotations

Branches:
Dungeon (12/15)            Temple (1/1) D:7            Lair (3/8) D:11
    Orc: D:9-12       Swamp: Lair:3-6    Shoals: Lair:3-6     Snake: Lair:3-6
 Spider: Lair:3-6

Altars:
Ashenzari
Cheibriados
Dithmenos
Elyvilon
Fedhas
Kikubaaqudgha
Makhleb
Nemelex Xobeh
Qazlal
Sif Muna
Vehumet
Xom
Yredelemnul
Zin

Shops:
D:4 *   D:9 *   D:10 [[

Annotations:
D:3 CrazyArbalest's ghost, average HaFi
D:8 exclusion: oklob sapling
D:12 Josephine
Lair:1 Dustman's ghost, powerful DsEn
Lair:3 Rupert


Innate Abilities, Weirdness & Mutations

You are small and have problems with some larger weapons.
You are somewhat resistant to further mutation.


Message History

You feel better. Josephine hits you but does no damage.
The wight closely misses you.
You puncture Josephine!
Josephine is severely wounded.
Josephine is infused with unholy energy.
* * * LOW HITPOINT WARNING * * *
Josephine draws life force from you and is healed!
Drink which item? (? for menu, Esc to quit)
You feel better. The wight completely misses you.
Josephine hits you but does no damage.
Use which ability? (? or * to list)
Okay, then.
Unknown command.
Unknown command.
Use which ability? (? or * to list)
A demon appears!
You are near starving!
The wight dissolves into shadows!
Josephine is infused with unholy energy.
You die...

.# ##... #..#### .## #..#
# +..#### ..####..# .#
+..#### #..##...# .##
#.)#### ........# #..
#...... ###.....# ##..##
### #...... #
#.....#####..H.# ##.##
####''# ##.##..##....ZZ@#
#...# #...# #..###....
#@# ###.# ##.#.
##..###.### #3# #.##
##... #........# ##)#
#..####.... .......#.#
###..# ##.##...#..
##.######.###....##
##.....##... ##..#
#....###..####..##.###..#
#..### ##..#
##......####..##..#
##....####.####..###..#
##.##.##
#..##........##.###...##
#......


You could see Josephine, a hippogriff, a basilisk skeleton, a giant frog
skeleton and a friendly smoke demon.

Vanquished Creatures
  A hydra (Lair:3)
  2 hill giants (D:11)
  2 orc knights
  An unseen horror (D:12)
  2 griffons
  An ugly thing (D:11)
  4 spiny frogs
  A gargoyle (D:11)
  A centaur skeleton (D:11)
  A feature mimic (D:10)
  A komodo dragon (Lair:3)
  An efreet (D:11)
  4 wandering mushrooms (D:8)
  2 fire drakes
  A two-headed ogre (D:9)
  A basilisk (Lair:3)
  A fire dragon skeleton (D:12)
  A deep elf mage (D:11)
  A wyvern (D:11)
  12 yaks
  A hungry ghost (D:8)
  A deep elf fighter (D:11)
  A hill giant skeleton (D:9)
  3 steam dragons
  3 porcupines
  3 hippogriffs
  2 wargs (D:12)
  2 ogre zombies
  3 water moccasins
  13 orc warriors
  2 black bears
  A yellow wasp (D:11)
  A necrophage (D:11)
  3 phantoms
  2 ice beasts
  A sky beast (D:8)
  4 ogres
  3 big kobolds
  8 centaurs
  6 crocodiles
  A gnoll sergeant (D:3)
  A brain worm (D:4)
  10 giant frogs
  5 scorpions
  3 electric eels (D:6)
  6 killer bees
  4 wights
  7 crimson imps
  4 orc priests
  Dowan (D:4)
  A giant frog zombie (D:9)
  2 gnoll shamans
  4 goliath beetles
  A giant frog skeleton (D:12)
  12 hounds
  A soldier ant zombie (D:12)
  9 orc wizards
  7 worker ants
  7 iguanas
  8 sheep (Lair:3)
  A sky beast zombie (D:9)
  Jessica (D:2)
  A big kobold skeleton (D:9)
  Terence (D:2)
  A mummy (D:6)
  57 gnolls
  22 adders
  11 green rats
  An orc zombie (D:12)
  A shadow imp (D:9)
  2 worms
  An adder zombie (D:7)
  An adder skeleton (D:8)
  7 giant geckos
  2 oozes
  53 orcs
  4 ball pythons
  8 giant cockroaches
  16 hobgoblins
  38 jackals
  16 quokkas
  36 bats
  A giant gecko skeleton (D:4)
  5 giant newts
  A giant newt skeleton (D:7)
  14 goblins
  A hobgoblin skeleton (D:6)
  33 kobolds
  An orc skeleton (D:10)
  38 rats
  A rat skeleton (D:4)
  3 ballistomycetes (D:11)
  2 plants
579 creatures vanquished.

Vanquished Creatures (others)
  A giant spore (D:11)
  A fungus (Lair:3)
2 creatures vanquished.

Grand Total: 581 creatures vanquished

Notes
Turn   | Place    | Note
--------------------------------------------------------------
     0 | D:1      | CrazyArbalest, the Halfling Fighter, began the quest for the Orb.
     0 | D:1      | Reached XP level 1. HP: 15/15 MP: 1/1
    24 | D:1      | Reached XP level 2. HP: 18/20 MP: 2/2
   276 | D:1      | Reached XP level 3. HP: 23/26 MP: 3/3
   885 | D:2      | Reached XP level 4. HP: 28/31 MP: 4/4
  1091 | D:2      | Reached skill level 1 in Dodging
  1290 | D:2      | Reached skill level 4 in Shields
  1405 | D:2      | Noticed Terence
  1686 | D:2      | Noticed Jessica
  1697 | D:2      | Killed Jessica
  1697 | D:2      | Reached XP level 5. HP: 33/36 MP: 5/5
  2019 | D:2      | Killed Terence
  2524 | D:3      | Found an ancient bone altar of Kikubaaqudgha.
  2930 | D:3      | Found a deep blue altar of Sif Muna.
  3230 | D:3      | Noticed CrazyArbalest's ghost (average HaFi)
  3861 | D:4      | Noticed Duvessa
  3878 | D:3      | Reached XP level 6. HP: 39/42 MP: 6/6
  4721 | D:3      | Reached skill level 5 in Armour
  4755 | D:3      | Reached XP level 7. HP: 12/47 MP: 7/7
  6241 | D:4      | Noticed Dowan
  6479 | D:3      | Reached skill level 5 in Shields
  7109 | D:3      | Reached skill level 5 in Short Blades
  7190 | D:3      | Reached XP level 8. HP: 20/54 MP: 8/8
  8672 | D:3      | Found an ancient bone altar of Kikubaaqudgha.
  9612 | D:3      | Found a deep blue altar of Sif Muna.
  9828 | D:4      | Reached skill level 6 in Armour
  9928 | D:4      | Found a stormy altar of Qazlal.
  9961 | D:4      | Noticed a phantom
  9997 | D:4      | Found Suitoq's General Store.
 10196 | D:4      | Killed Dowan
 10271 | D:4      | Killed a phantom
 10434 | D:4      | Noticed Duvessa
 10434 | D:4      | Duvessa changed into Duvessa the naga
 10437 | D:4      | Duvessa the naga changed into Duvessa the dwarf
 10611 | D:4      | Reached skill level 1 in Stealth
 10744 | D:5      | Entered Level 5 of the Dungeon
 10892 | D:5      | Reached skill level 5 in Dodging
 11390 | D:5      | Reached XP level 9. HP: 56/59 MP: 10/10
 11659 | D:5      | Reached skill level 1 in Evocations
 12062 | D:5      | Reached skill level 7 in Short Blades
 12918 | D:6      | Found a shimmering altar of Xom.
 13042 | D:6      | Reached skill level 5 in Fighting
 14207 | D:7      | Found a staircase to the Ecumenical Temple.
 14219 | Temple   | Entered the Ecumenical Temple
 14235 | Temple   | Reached XP level 10. HP: 41/66 MP: 11/11
 14248 | Temple   | Became a worshipper of Makhleb the Destroyer
 14592 | D:7      | Reached skill level 8 in Short Blades
 14802 | D:7      | Acquired Makhleb's first power
 15037 | D:7      | Got a vibrating copper amulet
 15039 | D:7      | Identified the amulet of Ximut {Clar rPois} (You found it on level 7 of the Dungeon)
 15592 | D:8      | Acquired Makhleb's second power
 15710 | D:8      | Reached skill level 9 in Short Blades
 16326 | D:8      | Found a blossoming altar of Fedhas.
 16343 | D:8      | Reached skill level 5 in Slings
 16521 | D:8      | Found a shadowy altar of Dithmenos.
 16527 | D:8      | Found a radiant altar of Vehumet.
 16981 | D:9      | Reached XP level 11. HP: 63/72 MP: 13/13
 17055 | D:9      | Found a flagged portal.
 17086 | Bailey   | Entered a bailey
 17285 | Bailey   | Acquired Makhleb's third power
 17879 | Bailey   | Reached skill level 10 in Slings
 18206 | Bailey   | Noticed an orc knight
 18292 | Bailey   | Killed an orc knight
 18292 | Bailey   | Reached skill level 11 in Slings
 18592 | D:9      | Reached skill level 12 in Slings
 18684 | D:9      | Found Qiriejit's Assorted Antiques.
 18716 | D:9      | Bought a lumpy purple potion for 27 gold pieces
 19051 | D:9      | Acquired Makhleb's fourth power
 19051 | D:9      | Reached skill level 13 in Slings
 20540 | D:10     | Entered Level 10 of the Dungeon
 20581 | D:10     | Reached skill level 14 in Slings
 20600 | D:10     | Found a staircase to the Lair.
 20633 | D:10     | Found Havy's Armour Shop.
 20947 | D:10     | Identified the Almanac of the Birds
 21046 | D:10     | Found Becost's Antique Armour Shop.
 21075 | D:10     | Bought a pair of runed boots for 130 gold pieces
 21075 | D:10     | Bought an embroidered hat for 116 gold pieces
 21149 | D:10     | the staircase to the Lair was a mimic.
 21181 | D:10     | Reached skill level 15 in Slings
 21264 | D:9      | Bought a sharpened gold wand for 120 gold pieces
 21264 | D:9      | Bought a coral ring for 150 gold pieces
 21382 | D:11     | Acquired Makhleb's fifth power
 21383 | D:11     | Noticed a hill giant
 21394 | D:11     | Killed a hill giant
 21394 | D:11     | Reached skill level 16 in Slings
 21726 | D:11     | Found a staircase to the Lair.
 21739 | D:11     | Reached XP level 12. HP: 71/77 MP: 14/14
 21789 | D:11     | Noticed a hill giant
 21809 | D:11     | Killed a hill giant
 21809 | D:11     | Reached skill level 17 in Slings
 22083 | D:11     | Reached skill level 18 in Slings
 22461 | D:11     | Noticed a cyan ugly thing
 22493 | D:11     | Killed a cyan ugly thing
 22493 | D:11     | Reached skill level 19 in Slings
 22821 | Lair:1   | Entered Level 1 of the Lair of Beasts
 22992 | Lair:1   | Noticed Dustman's ghost (powerful DsEn)
 23394 | Lair:1   | Reached skill level 20 in Slings
 25996 | Lair:3   | Noticed a four-headed hydra
 26021 | Lair:3   | Killed a four-headed hydra
 26021 | Lair:3   | Reached skill level 21 in Slings
 26425 | Lair:3   | Noticed Rupert
 27199 | Lair:3   | Noticed a six-headed hydra
 27204 | Lair:3   | Noticed a six-headed hydra
 27510 | D:12     | Reached XP level 13. HP: 73/82 MP: 15/15
 27842 | D:12     | Noticed Josephine
 27884 | D:12     | Killed from afar by Josephine

Action                   |  1- 3 |  4- 6 |  7- 9 | 10-12 | 13-15 || total
-------------------------+-------+-------+-------+-------+-------++-------
Melee: Cutlass           |   141 |   101 |       |   485 |   117 ||   844
       Dagger            |       |   356 |   415 |       |       ||   771
       Short sword       |       |       |   543 |   416 |       ||   959
       Unarmed           |       |       |     4 |       |       ||     4
 Fire: Hunting sling     |       |       |       |  1308 |       ||  1308
Throw: Stone             |       |     4 |       |       |       ||     4
Invok: Lesser Servant of |       |       |       |     1 |     1 ||     2
Evoke: Wand              |       |       |     9 |    19 |     1 ||    29
  Use: Potion            |       |       |     1 |       |     2 ||     3
       Scroll            |       |       |       |    22 |       ||    22
 Stab: Sleeping          |       |       |       |     8 |     1 ||     9
       Distracted        |       |       |       |     1 |       ||     1
  Eat: Chunk             |       |    13 |    29 |    23 |       ||    65
       Beef jerky        |       |       |     1 |     2 |       ||     3
       Royal jelly       |       |       |       |     1 |       ||     1
       Bread ration      |       |       |       |     2 |       ||     2
       Fruit             |       |       |       |     4 |       ||     4
       Pizza             |       |       |       |     1 |       ||     1
